 Dungeon Crawl Stone Soup version 0.23-a0-819-g6debee6 (webtiles) character file.

57 MalarOregon the Magician (level 4, -1/32 HPs)
             Began as a Merfolk Wizard on Jan 22, 2019.
             Slain by Grinder (4 damage)
             ... on level 3 of the Dungeon.
             The game lasted 00:04:32 (1725 turns).

MalarOregon the Magician (Merfolk Wizard)           Turns: 1725, Time: 00:04:33

Health: -1/32      AC:  5    Str:  7    XL:     4   Next: 0%
Magic:  0/9        EV: 13    Int: 18    God:
Gold:   109        SH:  0    Dex: 12    Spells: 2/10 levels left

rFire    . . .     SeeInvis .   d - +0 trident
rCold    + . .     Gourm    .   (no shield)
rNeg     . . .     Faith    .   a - +0 robe
rPois    .         Spirit   .   k - +2 hat
rElec    .         Reflect  .   (no cloak)
rCorr    .         Harm     .   m - +0 pair of gloves
MR       .....                  (no boots)
Stlth    ++........             (no amulet)
HPRegen  0.10/turn              o - ring of protection from cold
MPRegen  0.11/turn              (no ring)

@: very slightly contaminated
A: change form in water, swift swim, stealthy swim
a: no special abilities


You were on level 3 of the Dungeon.
You were hungry.

You visited 1 branch of the dungeon, and saw 3 of its levels.

You collected 109 gold pieces.

Inventory:

Hand Weapons
 d - a +0 trident (weapon)
   (You found it on level 2 of the Dungeon)
Missiles
 f - a throwing net (quivered) {!f}
Armour
 a - a +0 robe (worn)
 k - a +2 hat (worn)
   (You found it on level 1 of the Dungeon)
 m - a +0 pair of gloves (worn)
   (You found it on level 2 of the Dungeon)
Jewellery
 o - a ring of protection from cold (left hand)
   (You found it on level 1 of the Dungeon)
Scrolls
 h - a scroll of enchant weapon {unknown}
 i - a scroll of remove curse {unknown}
 l - 4 scrolls of identify {unknown}
Potions
 b - a potion of haste {unknown}
 c - a potion of berserk rage {unknown}
 g - a potion of curing {unknown}
 j - a potion of brilliance {unknown}
Comestibles
 e - 5 rations {!d}
 n - 2 chunks of flesh


   Skills:
 + Level 1.3 Fighting
 + Level 1.2 Polearms
 + Level 3.3 Dodging
 - Level 2.1 Stealth
 * Level 3.6 Spellcasting
 + Level 1.3 Conjurations
 - Level 1.0 Summonings
 - Level 0.7 Translocations
 + Level 0.1 Poison Magic


You had 2 spell levels left.
You knew the following spells:

 Your Spells              Type           Power        Failure   Level  Hunger
a - Magic Dart            Conj           #...         9%          1    None
b - Blink                 Tloc           N/A          17%         2    ##.....
f - Mephitic Cloud        Conj/Pois/Air  #.......     36%         3    ###....
x - Call Imp              Summ           #.......     16%         2    ##.....

Your spell library contained the following spells:

 Spells                   Type           Power        Failure   Level  Hunger
 Slow                     Hex            #.......     24%         2    ##.....
 Conjure Flame            Conj/Fire      #.......     34%         3    ###....


Dungeon Overview and Level Annotations

Branches:
Dungeon (3/15)

Altars:
Qazlal

Annotations:
D:3 Grinder


Message History

A beastly little devil appears in a puff of flame.
You are feeling hungry.
You miscast Call Imp.
You are very lightly contaminated with residual magic.
Your brain hurts!
Your crimson imp blinks!
You hit Grinder. Grinder gestures at you. Pain shoots through your body!
Your crimson imp hits Grinder but does no damage.
You closely miss Grinder. Grinder hits you but does no damage.
Your crimson imp hits Grinder.
You puncture Grinder! Grinder gestures at you.
You barely resist.
Your crimson imp hits Grinder but does no damage.
You hit Grinder.
Grinder blinks!
Grinder hits your crimson imp.
Your crimson imp barely misses Grinder.
You see here a +0 dagger.
Attack whom?
Aim: Grinder (moderately wounded)
You reach to attack!
You hit Grinder.
Grinder blinks!
Unknown command.
Your crimson imp blinks!
Your crimson imp blinks!
Found a scroll labeled QAISMA MERY.
You puncture Grinder! Grinder hits you. x2
You hit Grinder. Grinder hits you.
You writhe in agony.
* * * LOW HITPOINT WARNING * * *
A beastly little devil appears in a puff of frigid air.
Your crimson imp disappears in a puff of smoke!
Your crimson imp blinks!
Grinder hits you but does no damage.
Unknown command.
You are too injured to fight recklessly!
You barely miss Grinder. Grinder says, "Are you a fish?" Grinder hits you.
* * * LOW HITPOINT WARNING * * *
You writhe in agony.
* * * LOW HITPOINT WARNING * * *
You barely miss Grinder. Grinder hits you.
* * * LOW HITPOINT WARNING * * *
You writhe in agony.
* * * LOW HITPOINT WARNING * * *
Your white imp closely misses Grinder.
Grinder hits you.
* * * LOW HITPOINT WARNING * * *
You writhe in agony.
You die...

#...# #.....#
############.....##
..................#####....#
...........................
############.....#.###....#
#######)### #..# .
########....# ...##..
......5..#..# .5.....
.....55@[...##.......
........###.......#
........#.........#
........#.#.###...#
?.).......#.. ...# ........#
#.. .... ######### #...
.#### .... # .....


You could see Grinder, a friendly crimson imp and a friendly white imp.

Vanquished Creatures
  2 adders (D:2)
  A worm (D:2)
  A dart slug (D:3)
  3 leopard geckos (D:1)
  8 goblins
  3 hobgoblins
  A quokka (D:2)
  5 bats
  3 frilled lizards (D:2)
  4 kobolds
  2 rats (D:2)
33 creatures vanquished.

Notes
Turn   | Place    | Note
-------+----------+-------------------------------------------
     0 | D:1      | MalarOregon the Merfolk Wizard began the quest for the Orb.
     0 | D:1      | Reached XP level 1. HP: 13/13 MP: 4/4
   198 | D:1      | Reached skill level 1 in Conjurations
   198 | D:1      | Reached XP level 2. HP: 20/20 MP: 0/6
   685 | D:2      | Reached skill level 1 in Fighting
   685 | D:2      | Reached XP level 3. HP: 14/26 MP: 1/7
   872 | D:2      | Learned a level 2 spell: Call Imp
   875 | D:2      | Learned a level 2 spell: Blink
   879 | D:2      | Learned a level 3 spell: Mephitic Cloud
   914 | D:2      | Reached skill level 1 in Polearms
  1459 | D:2      | Found a stormy altar of Qazlal.
  1690 | D:3      | Noticed Grinder
  1703 | D:3      | Reached XP level 4. HP: 29/32 MP: 6/9
  1725 | D:3      | Slain by Grinder

Vault maps used:
D:1:      grunt_arrival_lava_bath
D:2:      first_ration, grunt_qazlal_clouds
D:3:      lemuel_doored_altar, chequers_ecumenical_altar_grove, uniq_grinder

Skill      XL: |  1  2  3 |
---------------+----------+-----
Conjurations   | 1 |  1.3
Dodging        | 3 |  3.3
Fighting       | 1 |  1.3
Polearms       | 1 |  1.2
Stealth        | |  2.1
Spellcasting   | |  3.6
Summonings     | |  1.0
Translocations | |  0.7
Poison Magic   | |  0.1

Action                   |  1- 3 |  4- 6 || total
-------------------------+-------+-------++-------
Melee: Club              |     5 |       ||     5
       Trident           |    48 |     9 ||    57
       Dagger            |     6 |       ||     6
 Cast: Magic Dart        |    65 |       ||    65
       Call Imp          |       |     3 ||     3
 Stab: Sleeping          |     4 |       ||     4
  Eat: Chunk             |     2 |       ||     2
Armor: Robe              |    16 |     2 ||    18
Dodge: Dodged            |    37 |       ||    37

Table legend:
 A = Non-vault XP
 B = Vault XP
 C = Vault XP percentage of total XP
 D = Non-vault monster count
 E = Vault monster count
 F = Vault count percentage of total count
                 A         B        C        D         E       F
            +---------+---------+-------+---------+---------+-------
      Total |      82 |       0 |   0.0 |      33 |       0 |   0.0
            +---------+---------+-------+---------+---------+-------
        D:1 |      17 |       0 |   0.0 |       9 |       0 |   0.0
        D:2 |      58 |       0 |   0.0 |      21 |       0 |   0.0
        D:3 |       7 |       0 |   0.0 |       3 |       0 |   0.0
            +---------+---------+-------+---------+---------+-------
